 Dungeon Crawl Stone Soup version 0.28-a0-203-gf40de95187 (webtiles) character file.

Game seed: 8684444282202382915

25 Arne the Gusty (level 3, -2/19 HPs)
             Began as a Tengu Air Elementalist on Aug 20, 2021.
             Frozen to death by an endoplasm (5 damage)
             ... on level 1 of the Dungeon.
             The game lasted 00:04:52 (892 turns).

Arne the Gusty (Tengu Air Elementalist)              Turns: 892, Time: 00:04:54

Health: -2/19      AC:  3    Str:  8    XL:     3   Next: 4%
Magic:  2/7        EV: 12    Int: 15    God:
Gold:   48         SH:  0    Dex: 15    Spells: 5/6 levels left

rFire   . . .      SeeInvis .   b - +0 rapier
rCold   . . .      Faith    .   (no shield)
rNeg    . . .      Spirit   .   a - +0 robe
rPois   .          Reflect  .   (helmet restricted)
rElec   .          Harm     .   (no cloak)
rCorr   .          Rampage  .   e - +0 pair of gloves
Will    .....                   (boots unavailable)
Stlth   ++........              (no amulet)
HPRegen 0.06/turn               (no ring)
MPRegen 0.10/turn               (no ring)

@: very slightly contaminated
A: beak, talons 3
a: no special abilities


You were on level 1 of the Dungeon.
You visited 1 branch of the dungeon, and saw 1 of its levels.

You collected 48 gold pieces.

Inventory:

Hand Weapons
 b - a +0 rapier (weapon)
Armour
 a - a +0 robe (worn)
 e - a +0 pair of gloves (worn)
Scrolls
 c - a scroll of torment {unknown}
 d - a scroll of teleportation {unknown}
 f - a scroll of immolation {unknown}


   Skills:
 * Level 0.2 Fighting
 * Level 2.4 Dodging
 + Level 2.3 Stealth
 + Level 2.1 Spellcasting
 + Level 1.5 Conjurations
 + Level 4.7 Air Magic


You had 5 spell levels left.
You knew the following spells:

 Your Spells              Type           Power      Damage    Failure   Level
a - Shock                 Conj/Air       44%        1d5       6%          1

Your spell library contained the following spells:

 Spells                   Type           Power      Damage    Failure   Level
 Static Discharge         Conj/Air       11%        N/A       9%          2
 Swiftness                Air            15%        N/A       10%         3
 Airstrike                Air            7%         N/A       30%         4


Dungeon Overview and Level Annotations

Branches:
Dungeon (1/15)

Altars:


Innate Abilities, Weirdness & Mutations

You have a beak for a mouth.
You have claws for feet.


Message History

Aiming: Shock (safe; 6% risk of failure)
Press: ? - help, Shift-Dir - straight line The zap misses the bat. x2
The endoplasm quivers.
The bat barely misses you. The bat closely misses you.
The bat closely misses you.
Casting: Shock (safe; 6% risk of failure)
Confirm with . or Enter, or press ? or * to list all spells.
Aiming: Shock (safe; 6% risk of failure)
Press: ? - help, Shift-Dir - straight line The zap misses the bat.
The zap hits the bat.
The bat is moderately wounded.
The bat hits you but does no damage.
You hit the bat.
You kill the bat!
Casting: Shock (safe; 6% risk of failure)
Confirm with . or Enter, or press ? or * to list all spells.
Aiming: Shock (safe; 6% risk of failure)
Press: ? - help, Shift-Dir - straight line You miscast Shock.
You are very lightly contaminated with residual magic.
Nothing appears to happen.
The endoplasm hits you but does no damage.
You barely miss the endoplasm. Your kick misses the endoplasm.
The endoplasm freezes you.
You are frozen.
* * * LOW HITPOINT WARNING * * *
You hit the endoplasm.
The endoplasm is severely wounded.
The endoplasm freezes you.
You are frozen.
* * * LOW HITPOINT WARNING * * *
The endoplasm misses you.
You barely miss the endoplasm.
You claw the endoplasm, but do no damage.
You peck the endoplasm, but do no damage.
The endoplasm is severely wounded.
The endoplasm freezes you.
You are frozen.
You die...

.# ### #.#.# #. .# ## #......
#.#.# ## .######. ...#.. #.#.# #.
........#####....# #.#.# ##
.######.#(..#.##.#.# #...# #.
........#...#....#.#####.#.# ##
.####...#...#....#........##### #
.###..##.###.##J..............# #
..#...#.#..)#.#.@†........###.# #
#...##.##†..##.##.....##### #.###
#...#.#...#...#.#...#.# #....
#.##.##...##..##.##...# #####
#.#[#...........#.#.#############
#.###...........###..............
#....................############
##.......).........#.#
#########..........#.# ########


You could see an endoplasm.

Vanquished Creatures
  2 endoplasms (D:1)
  2 goblins (D:1)
  3 hobgoblins (D:1)
  2 jackals (D:1)
  A quokka (D:1)
  A ball python (D:1)
  4 bats (D:1)
  2 frilled lizards (D:1)
  3 kobolds (D:1)
  4 rats (D:1)
24 creatures vanquished.

Vanquished Creatures (others)
  A fungus (D:1)
1 creature vanquished.

Grand Total: 25 creatures vanquished

Notes
Turn   | Place    | Note
-------+----------+-------------------------------------------
     0 | D:1      | Arne the Tengu Air Elementalist began the quest for the
                  | Orb.
     0 | D:1      | Reached XP level 1. HP: 10/10 MP: 4/4
   479 | D:1      | Reached XP level 2. HP: 15/15 MP: 1/6
   520 | D:1      | Found a faded altar of an unknown god.
   878 | D:1      | Reached XP level 3. HP: 4/19 MP: 3/7
   892 | D:1      | Frozen to death by an endoplasm

Illustrated notes

Levels and vault maps discovered:
D:1:      ncdulo_watergridlock, layout_basic, shapermc_ecumenical_altar_ellora,
          minmay_vboxes

Action                   || total
-------------------------++-------
Melee: Unarmed           ||     5
       Kick              ||     8
       Rapier            ||    29
       Peck              ||     3
 Cast: Shock             ||    20
 Stab: Sleeping          ||     1
Armor: Robe              ||     8
Dodge: Dodged            ||    29

Table legend: (Time is in decaauts)
 A = Elapsed time spent in this place.
 B = Non-inter-level travel time spent in this place.
 C = Inter-level travel time spent in this place.
 D = Time resting spent in this place.
 E = Time spent auto-exploring this place.
 F = Levels seen in this place.
 G = Mean time per level.
                   A        B        C        D        E       F      G
               +--------+--------+--------+--------+--------+-----+--------+
         Total |    897 |    897 |      0 |      0 |    452 |   1 |  897.0 |
       Dungeon |    897 |    897 |      0 |      0 |    452 |   1 |  897.0 |
               +--------+--------+--------+--------+--------+-----+--------+

Top non-repeatable levels by time:
     D:1: 897 daAuts
